AoeStats
← Green Assassin

Team Islands

503488565Analyzed
4v4 RM · 1mo ago on Aug 31, 2026· 33m 47s· 8 players
Game mode
Random Map
Map size
242×242
Population
200
Speed
Normal
Resources
Standard
Victory
Conquest
Starting age
Dark Age
Ending age
Imperial Age
RankedLock teamsTeams togetherTeam positionsShared explorationLock speedFull tech treeHidden civsTurbo modeCheats
Victory
Defeat
🇩🇪 Japanese · Germany
1469
+8
🇩🇪 Portuguese · Germany
1435
+9
🇩🇪 Vikings · Germany
1425
+10
🇦🇹 Dravidians · Austria
1406
+11
🇵🇪 Dravidians · Peru
1320
-11
🇺🇸 Japanese · United States
1291
-10
🇮🇹 Saracens · Italy
1279
-9
🇩🇪 Armenians · Germany
1251
-8
mattmcneil9
0:26 Loom
10:54 Feudal Age
11:50 Double-Bit Axe
14:41 Castle Age
12:38 Horse Collar
13:46 Wheelbarrow
15:49 Bow Saw
15:41 Heavy Plow
15:33 Man-at-Arms
15:59 Gambesons
16:26 Scale Mail Armor
16:19 Gold Mining
16:30 Long Swordsman
16:40 Long Swordsman
19:29 Chain Mail Armor
19:47 Squires
26:19 Forging
27:38 Medium Warships
26:51 Demolition Ship
30:00 Gold Shaft Mining
30:10 Clinker Construction
30:12 Careening
J10KQ
10:28 Feudal Age
12:31 Double-Bit Axe
17:17 Castle Age
17:44 Demolition Ship
19:44 Fletching
21:35 Medium Warships
25:32 Clinker Construction
29:20 Loom
31:16 Careening
32:15 Bodkin Arrow
33:23 Siphons
Green Assassin
0:26 Loom
11:30 Feudal Age
11:55 Double-Bit Axe
16:40 Castle Age
14:41 Fishing Lines
15:38 Fletching
15:43 Stone Mining
17:10 Wheelbarrow
18:58 Bodkin Arrow
19:33 Ballistics
20:34 Medium Warships
22:57 Clinker Construction
24:08 Cilician Fleet
27:01 Careening
33:47 Bow Saw
Rudan
11:39 Feudal Age
12:10 Double-Bit Axe
14:49 Fletching
14:44 Horse Collar
20:28 Castle Age
20:37 Gold Mining
21:06 Bodkin Arrow
22:29 Bow Saw
22:23 Heavy Plow
24:16 Loom
24:17 Town Watch
26:00 Wheelbarrow
26:03 Medium Warships
27:41 Careening
27:42 Clinker Construction
28:35 Loom
28:36 Town Watch
31:49 Imperial Age
29:52 Stone Mining
30:21 Treadmill Crane
30:52 Masonry
31:44 Hand Cart
32:38 Bracer
33:40 Chemistry
33:01 Ballistics
33:36 Heavy Warships
Red Calypso
1:55 Loom
8:50 Loom
11:32 Feudal Age
12:10 Double-Bit Axe
15:51 Man-at-Arms
17:42 Scale Mail Armor
17:53 Forging
20:22 Fletching
26:33 Castle Age
25:09 Padded Archer Armor
24:53 Horse Collar
27:28 Bodkin Arrow
27:49 Leather Archer Armor
27:53 Bow Saw
30:07 Husbandry
30:48 Thumb Ring
32:26 Ballistics
LukasPlanet
10:11 Feudal Age
10:46 Double-Bit Axe
12:03 Forging
14:02 Fletching
15:35 Fishing Lines
22:08 Castle Age
21:33 Gold Mining
23:07 Medium Warships
22:58 Bodkin Arrow
23:30 Bow Saw
23:28 Gillnets
24:34 Wheelbarrow
24:22 Town Watch
25:35 Clinker Construction
25:36 Careening
28:53 Ballistics
32:39 Hand Cart
32:10 Loom
4k1m
7:09 Loom
9:35 Feudal Age
10:03 Double-Bit Axe
14:52 Fletching
17:27 Fishing Lines
20:50 Castle Age
19:21 Gold Mining
21:08 Town Watch
21:52 Bodkin Arrow
22:51 Clinker Construction
22:58 Careening
23:12 Ballistics
23:22 Bow Saw
24:12 Medium Warships
27:11 Town Patrol
27:14 Gillnets
30:51 Careening
33:14 Imperial Age
33:58 Bracer
33:32 Elite Longship
34:38 Carvel Hull
vR-MrReD
6:32 Loom
10:04 Feudal Age
11:18 Double-Bit Axe
11:28 Fletching
12:33 Wheelbarrow
12:37 Fishing Lines
14:40 Padded Archer Armor
23:38 Castle Age
22:28 Gold Mining
24:48 Medium Warships
24:48 Gillnets
24:59 Bodkin Arrow
25:20 Leather Archer Armor
25:33 Ballistics
26:35 Gold Shaft Mining
26:00 Demolition Ship
32:19 Imperial Age
33:12 Hand Cart
33:32 Heavy Warships
33:09 Bracer
Connection lost

Rejoining the realm…

Still unreachable

The connection could not be restored.

Session expired

The server has moved on; the page needs a fresh start.